 Dungeon Crawl Stone Soup version 0.17-a0-1245-g990a8d8 (webtiles) character file.

2394 ololoev the Geomancer (level 9, 0/57 HPs)
             Began as a Formicid Earth Elementalist on June 5, 2015.
             Killed from afar by an orc wizard (8 damage)
             ... with a magic dart
             ... on level 7 of the Dungeon.
             The game lasted 00:29:14 (8048 turns).

ololoev the Geomancer (Formicid Earth Elementalist) Turns: 8048, Time: 00:29:15

Health: 0/57       AC:  3    Str: 13    XL:     9   Next: 74%
Magic:  7/19       EV: 12    Int: 18    God:
Gold:   357        SH:  5    Dex: 11    Spells: 4 memorised, 6 levels left

rFire  . . .     SeeInvis +     a - 24 stones
rCold  . . .     Clarity  .     e - +0 robe
rNeg   + + .     SustAt   .     q - +0 buckler
rPois  .         Gourm    .     (helmet unavailable)
rElec  .         Spirit   .     (no cloak)
rCorr  .         Warding  +     l - +0 pair of gloves
rMut   .         Stasis   +     (no boots)
MR     .....                    w - amulet of warding
Stlth  ++........               (no ring)
                                u - ring of positive energy

@: not resistant to hostile enchantments, unstealthy
A: permanent stasis, dig shafts and tunnels, four strong arms, antennae 3
a: Dig, Shaft Self


Innate Abilities, Weirdness & Mutations

You are under a permanent stasis effect.
You can dig through walls and to a lower floor.
Your four strong arms can wield two-handed weapons with a shield.
You have a pair of large antennae on your head (SInv).

Inventory:

Hand weapons
 b - a +2 dagger of draining
Missiles
 a - 24 stones (in hand)
Armour
 e - a +0 robe (worn)
 l - a +0 pair of gloves (worn)
 q - a +0 buckler (worn)
Jewellery
 u - a ring of positive energy (left hand)
 w - an amulet of warding (around neck)
Magical devices
 B - a wand of digging (11)
Scrolls
 f - 7 scrolls of identify {unknown}
 h - 3 scrolls of remove curse
 k - a scroll of noise {unknown}
 m - 3 scrolls of teleportation {unknown}
 n - 3 scrolls of enchant weapon {unknown}
 o - 2 scrolls of recharging {unknown}
 p - 3 scrolls of amnesia {unknown}
 y - a scroll of blinking {unknown}
 A - a scroll of fear {unknown}
 E - 2 scrolls of fog {unknown}
Potions
 g - 2 potions of heal wounds {unknown}
 j - 4 potions of curing {unknown}
 r - a potion of haste {unknown}
 t - 3 potions of agility {unknown}
 v - 2 potions of flight {unknown}
 x - a potion of degeneration {unknown}
 D - a potion of berserk rage {unknown}
 G - a potion of invisibility {unknown}
 H - a potion of poison {unknown}
Books
 c - a book of Geomancy

   Spells                             Type                      Level
   a - Sandblast                      Earth                        1
   b - Stoneskin                      Transmutation/Earth          2
   c - Passwall                       Transmutation/Earth          3
   d - Stone Arrow                    Conjuration/Earth            3
   e - Petrify                        Transmutation/Earth          4
   f - Lee's Rapid Deconstruction     Earth                        5
 s - a book of Annihilations {highlevel, unknown}

   This book is beyond your current level of understanding.

   Spells                             Type                      Level
   a - Poison Arrow                   Conjuration/Poison           6
   b - Chain Lightning                Conjuration/Air              8
   c - Lehudib's Crystal Spear        Conjuration/Earth            8
   d - Glaciate                       Conjuration/Ice              9
   e - Fire Storm                     Conjuration/Fire             9
Comestibles
 d - 5 bread rations
 i - 3 meat rations
 z - 4 fruits
 C - 5 chunks of flesh
 F - a royal jelly


   Skills:
 - Level 1.7 Dodging
 - Level 2.4 Stealth
 - Level 5.0 Shields
 + Level 6.6 Spellcasting
 + Level 1.2 Conjurations
   Level 1.1 Transmutations
 + Level 11.4 Earth Magic
 * Level 3.2 Poison Magic


You had 6 spell levels left.
You knew the following spells:

 Your Spells              Type           Power        Failure   Level  Hunger
a - Sandblast             Erth           #####.       1%          1    None
b - Mephitic Cloud        Conj/Pois/Air  ##......     21%         3    ##.....
c - Lee's Rapid Deconstr  Erth           #####.....   2%          5    #####..
d - Poisonous Cloud       Conj/Pois/Air  ##........   100%        6    #######


You were on level 7 of the Dungeon.
You were not hungry.

You visited 2 branches of the dungeon, and saw 8 of its levels.

You collected 357 gold pieces.

{ { {{ {#.....#.# .{ { {
{#...†.#.# . ....
{#.....#'##
.F.......#.../....#
.........#........#
.........#........#
.........#....o...#
.......#..o..#+##
..).÷...o..@#.#
######.##.....##.#######
+.........))............
######.##....[....#.### #.
####'####.#.# ..
#[#....#.#
{................########
{.......................#
..................######.#

Notes
Turn   | Place    | Note
--------------------------------------------------------------
     0 | D:1      | ololoev the Formicid Earth Elementalist began the quest for the Orb.
     0 | D:1      | Reached XP level 1. HP: 13/13 MP: 3/3
    81 | D:1      | Reached skill level 4 in Earth Magic
    81 | D:1      | Reached XP level 2. HP: 14/19 MP: 0/5
   874 | D:1      | Reached XP level 3. HP: 24/24 MP: 4/6
  1513 | D:2      | Reached skill level 5 in Earth Magic
  1678 | D:2      | Reached XP level 4. HP: 28/30 MP: 8/8
  2418 | D:3      | Reached XP level 5. HP: 33/35 MP: 6/9
  2426 | D:3      | Reached skill level 6 in Earth Magic
  3220 | D:3      | Learned a level 3 spell: Mephitic Cloud
  3261 | D:3      | Noticed a giant frog
  3273 | D:3      | Killed a giant frog
  3273 | D:3      | Reached skill level 1 in Shields
  3273 | D:3      | Reached XP level 6. HP: 4/41 MP: 5/11
  3616 | D:3      | Found a blossoming altar of Fedhas.
  3618 | D:3      | Found an ancient bone altar of Kikubaaqudgha.
  3781 | D:4      | Noticed Blork the orc
  3788 | D:4      | Killed Blork the orc
  3867 | D:4      | Noticed Robin
  3939 | D:4      | Learned a level 5 spell: Lee's Rapid Deconstruction
  3956 | D:4      | Reached skill level 7 in Earth Magic
  4081 | D:4      | Reached XP level 7. HP: 43/46 MP: 13/13
  4138 | D:4      | Killed Robin
  4941 | D:4      | Noticed Grinder
  4968 | D:4      | Killed Grinder
  4968 | D:4      | Reached skill level 8 in Earth Magic
  4968 | D:4      | Reached XP level 8. HP: 24/52 MP: 0/15
  5312 | D:5      | Entered Level 5 of the Dungeon
  5350 | D:5      | Noticed Noname's ghost (experienced DsWz)
  6106 | D:5      | Reached skill level 5 in Spellcasting
  6106 | D:5      | Reached skill level 9 in Earth Magic
  6538 | D:6      | Reached skill level 5 in Shields
  6576 | D:6      | Reached skill level 10 in Earth Magic
  6576 | D:6      | Reached XP level 9. HP: 57/57 MP: 4/17
  6778 | D:6      | Found a sacrificial altar of Ru.
  6897 | D:6      | Found a sparkling altar of Nemelex Xobeh.
  6921 | D:6      | Found a staircase to the Ecumenical Temple.
  6940 | Temple   | Entered the Ecumenical Temple
  7479 | D:7      | Reached skill level 11 in Earth Magic
  7598 | D:7      | Learned a level 6 spell: Poisonous Cloud
  7843 | D:7      | Reached skill level 1 in Poison Magic
  7959 | D:7      | Reached skill level 1 in Conjurations
  8048 | D:7      | Killed from afar by an orc wizard

Dungeon Overview and Level Annotations

Branches:
Dungeon (7/15)             Temple (1/1) D:6

Altars:
Ashenzari
Dithmenos
Elyvilon
Fedhas
Gozag
Kikubaaqudgha
Nemelex Xobeh
Okawaru
Qazlal
Ru
Sif Muna
Trog
Xom
Yredelemnul
Zin
The Shining One

Annotations:
D:5 Noname's ghost, experienced DsWz


Message History

Aim: an orc warrior, wielding a flail and wearing a chain mail (moderately wounded)
The rocky blast misses the orc warrior.
The orc warrior hits you with a flail!
Casting: Sandblast
Confirm with . or Enter, or press ? or * to list all spells.
Aiming: Sandblast
Press: ? - help, Shift-Dir - straight line, f/p - orc warrior
Aim: an orc warrior, wielding a flail and wearing a chain mail (moderately wounded)
The rocky blast hits the orc warrior.
The orc warrior is moderately wounded.
The orc warrior hits you with a flail.
Casting: Sandblast
Confirm with . or Enter, or press ? or * to list all spells.
Aiming: Sandblast
Press: ? - help, Shift-Dir - straight line, f/p - orc warrior
Aim: an orc warrior, wielding a flail and wearing a chain mail (moderately wounded)
The rocky blast misses the orc warrior.
The orc warrior closely misses you.
Casting: Sandblast
Confirm with . or Enter, or press ? or * to list all spells.
Aiming: Sandblast
Press: ? - help, Shift-Dir - straight line, f/p - orc warrior
Aim: an orc warrior, wielding a flail and wearing a chain mail (moderately wounded)
The rocky blast hits the orc warrior.
The orc warrior is moderately wounded.
You block the orc warrior's attack.
Casting: Sandblast
Confirm with . or Enter, or press ? or * to list all spells.
Aiming: Sandblast
Press: ? - help, Shift-Dir - straight line, f/p - orc warrior
Aim: an orc warrior, wielding a flail and wearing a chain mail (moderately wounded)
The rocky blast hits the orc warrior.
The orc warrior is heavily wounded.
The orc warrior hits you with a flail!!
You see here a stone.
There is an open door here.
An orc comes into view.
An orc wizard comes into view. It is wielding a dagger.
The orc wizard shouts!
The orc wizard casts a spell at you. The magic dart hits you!
You die...

You could see an orc warrior, an orc wizard and an orc.

Vanquished Creatures
  Grinder (D:4)
  An orc warrior (D:7)
  A water moccasin (D:6)
  A black bear (D:7)
  3 ice beasts
  An ogre (D:6)
  A centaur (D:7)
  A gnoll sergeant (D:5)
  Blork the orc (D:4)
  A big kobold (D:7)
  3 giant frogs
  2 scorpions
  A giant frog zombie (D:5)
  2 crimson imps (D:5)
  2 orc priests
  2 giant frog skeletons
  2 hounds
  3 iguanas
  3 orc wizards
  4 worker ants
  A hound zombie (D:6)
  A hound skeleton (D:6)
  A worker ant zombie (D:7)
  Robin (D:4)
  9 adders
  10 gnolls
  2 shadow imps (D:7)
  2 oozes
  An adder skeleton (D:5)
  2 worms
  7 giant geckos
  18 orcs
  A ball python (D:3)
  A bat skeleton (D:7)
  5 giant cockroaches
  16 hobgoblins
  13 jackals
  4 quokkas
  12 bats
  7 giant newts
  22 goblins
  15 kobolds
  A quokka skeleton (D:7)
  17 rats
205 creatures vanquished.

Action                   |  1- 3 |  4- 6 |  7- 9 || total
-------------------------+-------+-------+-------++-------
Melee: Unarmed           |     9 |       |       ||     9
       Whip              |    31 |       |       ||    31
       Dagger            |    30 |   138 |   118 ||   286
 Cast: Sandblast         |    18 |    28 |   153 ||   199
       Lee's Rapid Decon |       |       |    19 ||    19
  Use: Scroll            |       |     1 |     2 ||     3
 Stab: Sleeping          |     3 |     1 |     2 ||     6
  Eat: Chunk             |     3 |     7 |    19 ||    29

Vault maps used:
D:1:      co_arrival_random_square_maze, hangedman_decor_riveting,
          kennysheep_nondescript
D:2:      minmay_misc_feat_five
D:3:      grunt_temple_overflow_growth_and_decay, kennysheep_generic_room_6
D:4:      minmay_lizard_king, uniq_blork_the_orc, uniq_grinder, uniq_robin
D:5:      first_bread, minmay_crystal_room, lightli_minifort
D:6:      overflow_temple_1_default, nemelex_altar_shiori,
          minmay_temple_entry_glassed_door, minmay_misc_feat_columns
D:7:      grunt_temple_overflow_lords_of_destruction
Temple:   circular_temple_12
